Map: Руины Сераса

Players

GoodGameRU

  • Race: Terran Terran

PSISTMGaming - Winner!

  • Race: Terran Terran

VOD

Have the link to the VOD?

Description

Time

  • Played on: April 9, 2015, 1:07 p.m.
  • Length: 9:11
Show
View Real Time Build Order
Export as new Build Order

GoodGameRU Terran 

Build Orders: Siege Tank Drop 

Get SALT Encoding   

  12  0:01  SCV  
  13  0:13  SCV  
  14  0:18  Supply Depot  
  14  0:25  SCV  
  15  0:39  SCV  
  15  0:40  Barracks  
  16  0:48  Refinery  
  16  0:52  SCV  
  17  1:04  SCV  
  18  1:17  SCV  
  19  1:28  Marine  
  19  1:29  Orbital Command  
  19  1:31  Supply Depot  
  20  1:47  Marine  
  21  1:57  SCV  
  21  1:59  Refinery  
  22  2:02  Factory  
  22  2:05  Marine  
  23  2:08  Supply Depot  
  23  2:09  SCV  
  24  2:21  SCV  
  25  2:26  Marine  
  26  2:33  SCV  
  26  2:47  Factory Tech Lab  
  26  2:48  Starport, Marine  
  26  2:49  SCV  
  28  3:05  SCV  
  29  3:07  Siege Tank, Marine  
  29  3:08  Supply Depot  
  33  3:17  SCV  
  34  3:25  Marine, Medivac  
  37  3:29  SCV  
  37  3:31  Command Center  
  38  3:46  Siege Tank, Marine  
  38  3:47  SCV  
  43  4:03  Medivac  
  43  4:05  SCV  
  46  4:10  Command Center  
  46  4:13  Supply Depot  
  46  4:18  Engineering Bay  
  46  4:27  Marine  
  47  4:34  SCV, Siege Tank  
  45  5:08  Medivac, Siege Tank, Marine  
  45  5:09  SCV  
  45  5:10  Orbital Command  
  49  5:16  Barracks x2  
  49  5:25  Orbital Command  
  49  5:27  Refinery  
  49  5:28  Barracks Tech Lab  
  49  5:30  Refinery  
  49  5:33  SCV  
  50  5:42  Siege Tank  
  53  5:43  Starport Reactor  
  53  5:46  SCV  
  54  5:52  SCV x2  
  56  5:57  Marine  
  56  5:59  Terran Infantry Weapons Level 1  
  56  6:01  SCV  
  58  6:05  Barracks Reactor  
  58  6:07  Barracks Reactor  
  58  6:10  SCV  
  58  6:11  SCV  
  60  6:17  Marine  
  64  6:25  Siege Tank  
  64  6:28  SCV  
  64  6:29  SCV x2  
  67  6:34  Barracks  
  67  6:37  Barracks  
  67  6:42  Marine x2  
  67  6:43  Marine x2  
  67  6:44  Medivac x2  
  67  6:45  SCV x3  
  76  7:02  Marine x3  
  76  7:03  Marine  
  76  7:17  Marine  
  76  7:20  Marine x3  
  80  7:29  Marine x2  
  81  7:30  Orbital Command, Marine  
  81  7:31  SCV x2  
  81  7:35  Marine  
  77  7:38  Marine x2  
  77  7:50  Barracks Reactor x2  
  77  7:51  Siege Tank  
  77  7:52  Medivac  
  82  8:03  SCV  
  82  8:04  SCV x2  
  85  8:19  Refinery x2  
  85  8:26  Missile Turret  
  85  8:27  Missile Turret  
  85  8:30  Missile Turret  
  85  8:34  Marine  
  85  8:48  Supply Depot  
  85  8:49  Supply Depot  
  85  8:51  SCV, Marine x3  
  85  8:52  SCV  
Show
View Real Time Build Order
Export as new Build Order

PSISTMGaming Terran - Winner!

Build Orders: Command Center First (CC), Bio Tank, MMM Bio 

Get SALT Encoding   

  12  0:01  SCV  
  13  0:13  SCV  
  14  0:25  Supply Depot, SCV  
  15  0:53  Command Center  
  15  0:56  SCV  
  16  1:08  Barracks  
  16  1:12  SCV  
  17  1:19  Refinery  
  17  1:24  SCV  
  18  1:37  SCV  
  19  1:49  SCV  
  20  2:01  Orbital Command  
  20  2:02  Reaper  
  20  2:05  Orbital Command  
  21  2:24  Command Center  
  21  2:27  SCV  
  22  2:31  SCV  
  22  2:34  Barracks Reactor  
  23  2:39  SCV  
  23  2:44  SCV  
  25  2:49  Refinery  
  25  2:51  SCV  
  25  2:56  SCV, Factory  
  27  3:03  SCV  
  28  3:08  SCV  
  28  3:12  Marine x2  
  31  3:15  SCV  
  31  3:19  Refinery  
  32  3:20  SCV  
  32  3:21  Refinery  
  33  3:28  SCV  
  33  3:29  Marine  
  33  3:30  Marine  
  33  3:32  SCV  
  37  3:36  Orbital Command  
  37  3:39  Factory Tech Lab  
  37  3:40  SCV, Starport  
  38  3:44  SCV  
  38  3:47  Marine x2  
  40  3:52  SCV  
  41  3:56  SCV  
  41  3:57  Supply Depot  
  41  3:58  Siege Tank  
  45  4:03  SCV  
  45  4:04  SCV  
  45  4:05  Marine x2  
  45  4:08  SCV  
  50  4:10  Barracks  
  50  4:15  SCV  
  50  4:16  SCV  
  52  4:18  Viking  
  52  4:20  SCV  
  55  4:27  SCV, Marine x2  
  55  4:28  SCV  
  59  4:34  Supply Depot  
  59  4:35  Supply Depot  
  59  4:39  Siege Tank  
  59  4:42  SCV x3  
  65  4:48  Viking  
  65  4:49  Marine x2  
  69  5:00  SCV x2  
  68  5:08  SCV  
  68  5:10  Barracks Tech Lab  
  68  5:11  Siege Tank  
  68  5:12  SCV  
  74  5:22  Barracks Reactor  
  74  5:24  Engineering Bay  
  74  5:25  Engineering Bay  
  74  5:27  Barracks x3  
  74  5:28  Barracks  
  74  5:29  Stimpack, Medivac  
  74  5:30  Barracks  
  74  5:31  Medivac  
  74  5:32  Marine  
  77  5:36  SCV x2  
  79  5:46  Orbital Command  
  79  5:49  SCV x2  
  81  5:56  Supply Depot x2  
  81  5:57  Terran Infantry Weapons Level 1, Terran Infantry Armor Level 1  
  81  5:58  Marine x2  
  81  5:59  Marauder  
  85  6:15  Supply Depot x2  
  85  6:16  SCV x3, Siege Tank, Barracks Reactor x2  
  85  6:17  Barracks Reactor, Barracks Tech Lab  
  85  6:18  Barracks Tech Lab  
  91  6:25  Medivac  
  93  6:26  Medivac  
  93  6:28  SCV x3  
  93  6:29  Marine  
  93  6:30  Marine  
  93  6:31  Marine  
  101  6:37  Concussive Shells, Marauder x2  
  101  6:38  Combat Shields  
  105  6:40  SCV x2  
  105  6:41  SCV  
  108  6:48  Marauder  
  111  6:56  Marine  
  111  6:58  Marine x3  
  114  7:01  SCV x2  
  114  7:03  Marine  
  114  7:04  Marine  
  114  7:05  Marine x2  
  115  7:09  Marauder  
  115  7:11  Siege Tank  
  115  7:14  Marine  
  116  7:16  Marine, Marauder x2  
  116  7:23  Marine  
  116  7:24  Marine  
  117  7:31  Medivac, Marine  
  117  7:32  Medivac, Marine  
  117  7:34  SCV  
  117  7:35  SCV x2  
  116  7:38  Marauder x2  
  120  7:46  Refinery  
  120  7:47  Refinery  
  120  7:51  Marine x2  
  124  7:57  SCV  
  124  7:58  SCV x2  
  127  8:00  Command Center  
  127  8:05  Medivac x2  
  131  8:06  Marine  
  131  8:12  Supply Depot, Siege Tank  
  133  8:13  Supply Depot  
  133  8:14  Supply Depot  
  133  8:15  Supply Depot  
  133  8:20  SCV x3  
  133  8:23  Marauder, Marine x2  
  133  8:24  Marine  
  141  8:31  Refinery  
  141  8:33  Supply Depot, Marine x2  
  141  8:34  Marauder  
  145  8:35  Refinery  
  145  8:36  Missile Turret  
  145  8:47  Marauder  
  147  8:48  Marine x2  
  147  8:49  Marauder  
  147  8:51  Marine  
  147  8:53  SCV  
  162  8:56  Refinery  
Tags
 
Add a new tag
Caveats
  • Supply blocks, unpowered buildings, or Contaminate may cause inaccurate times.
  • Supply counts are checked every 10 seconds.